 Dungeon Crawl Stone Soup version 0.31.0-9-g3a7656b989 (webtiles) character file.

Game seed: 14223334217083311840

2281 RancidPinata the Covert (level 9, -10/65 HPs)
             Began as an Octopode Delver on Jan 24, 2024.
             Was a Follower of Ru.
             Mangled by a wyvern (14 damage)
             ... on level 7 of the Dungeon.
             The game lasted 00:19:26 (6992 turns).

RancidPinata the Covert (Octopode Delver)           Turns: 6992, Time: 00:19:26

Health: -10/65     AC:  5    Str: 16    XL:     9   Next: 39%
Magic:  9/9        EV: 16    Int: 12    God:    Ru [*.....]
Gold:   427        SH:  0    Dex: 13    Spells: 8/8 levels left

rFire   . . .        x - +1 short sword (venom)
rCold   . . .        (no shield)
rNeg    . . .        (helmet restricted)
rPois   .            h - amulet of faith
rElec   .            w - +4 ring of protection
rCorr   .            C - ring of willpower
SInv    .            (no ring)
Will    +....        (no ring)
Stlth   +++++        (no ring)
HPRegen 0.30/turn    (no ring)
MPRegen 0.11/turn    (no ring)
                     (no ring)

%: faith
@: no status effects
A: almost no armour, amphibious, 8 rings, camouflage 1, gelatinous body 1, no
conjurations magic, no fire magic, no alchemy magic, (nimble swimmer 1),
tentacles, no forms
a: Renounce Religion


You were on level 7 of the Dungeon.
You worshipped Ru.
Ru was aware of your devotion.
You visited 2 branches of the dungeon, and saw 8 of its levels.

You collected 427 gold pieces.

Inventory:

Hand Weapons
 a - a +0 short sword
 n - a +1 antimagic dagger
 p - a +0 flail
 x - a +1 short sword of venom (weapon)
 D - the +7 long sword of Ambiguity {heavy, MP-9 Int+10 Stlth-}
   (You found it on level 6 of the Dungeon)

   Int+10:    It affects your intelligence (+10).
   MP-9:      It affects your magic capacity (-9).
   Stlth-:    It makes you less stealthy.
Missiles
 g - 49 stones (quivered)
 o - 5 boomerangs
 v - 3 poisoned darts
 A - a curare-tipped dart
Jewellery
 h - an amulet of faith (around mantle)
 w - a +4 ring of protection (left tentacle)
 C - a ring of willpower (right tentacle)
Wands
 f - a wand of digging (3)
 m - a wand of mindburst (15)
 y - a wand of paralysis (12)
 z - a wand of acid (7)
 B - a wand of polymorph (10)
 E - a wand of roots (7)
Scrolls
 b - 2 scrolls of fog
 d - a scroll of silence {unknown}
 i - 2 scrolls of blinking {unknown}
 k - 2 scrolls of teleportation {unknown}
 r - 3 scrolls of identify {unknown}
 t - a scroll of immolation {unknown}
 u - a scroll of fear
 G - a scroll of enchant armour {unknown}
Potions
 c - a potion of lignification {unknown}
 e - 2 potions of haste
 j - 3 potions of curing {unknown}
 l - 3 potions of heal wounds {unknown}
 q - 3 potions of enlightenment {unknown}
 s - 2 potions of might {unknown}
 F - 2 potions of degeneration {unknown}


   Skills:
 * Level 7.7 Fighting
 + Level 5.2 Short Blades
 * Level 7.4 Dodging
 + Level 9.6 Stealth


You had 8 spell levels left.
You didn't know any spells.
Your spell library contained the following spells:

 Spells                   Type           Power      Damage    Failure   Level
 Confusing Touch          Hex            0%         N/A       69%         3
 Dispel Undead            Necr           0%         3d6       97%         4
 Summon Lightning Spire   Summ/Air       0%         N/A       97%         4
 Lee's Rapid Deconstruct  Erth           0%         3d4*      100%        5
 Kiss of Death            Conj/Necr      Unusable   2d5       N/A         1
 Animate Armour           Summ/Erth      Unusable   N/A       N/A         4

Dungeon Overview and Level Annotations

Branches:
Dungeon (7/15)             Temple (1/1) D:4

Altars:
Ashenzari
Cheibriados
Dithmenos
Elyvilon
Fedhas
Gozag
Hepliaklqana
Kikubaaqudgha
Makhleb
Nemelex Xobeh
Okawaru
Qazlal
Ru
Sif Muna
Trog
Uskayaw
Vehumet
Wu Jian
Xom
Yredelemnul
Zin
The Shining One

Annotations:
D:7 Prince Ribbit


Innate Abilities, Weirdness & Mutations

You cannot wear most types of armour.
You are amphibious.
You can wear up to eight rings at the same time.
Your skin changes colour to match your surroundings (Stealth+).
Your rubbery body absorbs attacks. (AC +1, EV +1)
You cannot study or cast Conjurations magic.
You cannot study or cast Fire magic.
You cannot study or cast Alchemy magic.
((You are camouflaged when in or above water. (Stealth+)))
You have tentacles for arms and can constrict up to eight enemies at once.
You cannot voluntarily change form.


Message History

G - a scroll labelled XYSCHANNONEUC A wyvern comes into view.
The wyvern hisses angrily.
The wyvern moves out of view.
You hit the wyvern.
The wyvern is poisoned.
The wyvern is lightly wounded.
The wyvern barely misses you.
You closely miss the wyvern.
The wyvern is moderately wounded.
The wyvern bites you.
You barely miss the wyvern. You squeeze the wyvern.
The wyvern is moderately wounded.
The wyvern bites you.
You completely miss the wyvern. Your squeeze misses the wyvern.
The wyvern is moderately wounded.
The wyvern bites you!
You hit the wyvern.
The wyvern looks as sick as possible!
Your squeeze misses the wyvern.
The wyvern is heavily wounded.
The wyvern misses you.
You hit the wyvern but do no damage.
The wyvern looks as sick as possible!
The wyvern is heavily wounded.
The wyvern bites you!
You hit the wyvern but do no damage.
The wyvern looks as sick as possible!
The wyvern is heavily wounded.
The wyvern bites you!
You hit the wyvern but do no damage.
The wyvern looks as sick as possible!
The wyvern is heavily wounded.
The wyvern misses you.
You hit the wyvern.
The wyvern looks as sick as possible!
Your squeeze misses the wyvern.
The wyvern is severely wounded.
The wyvern bites you!
* * * LOW HITPOINT WARNING * * *
The wyvern bites you.
* * * LOW HITPOINT WARNING * * *
You hit the wyvern.
The wyvern looks as sick as possible!
The wyvern is severely wounded.
The wyvern bites you!
You die...

##.# #..............
##.# #.#...........#.#.
##.####...#.......#.....
#...##.....#...#.....##
###..........#.........
####.......#........#
#.....#...#.......
#...#.......#....#
#.#.......@k..#
#......###........
###...## #####.$## ##.##
.# ... # ###


You could see a wyvern (extremely poisoned).

Vanquished Creatures
  Sigmund (D:2)
  A wraith (D:7)
  2 steam dragons
  2 water moccasins
  A sky beast (D:6)
  An ogre (D:5)
  A phantom (D:5)
  A kobold brigand (D:6)
  4 scorpions (D:5)
  4 elf skeletons (D:4)
  A howler monkey (D:6)
  4 bombardier beetles
  4 hounds
  A jelly (D:5)
  A human skeleton (D:4)
  4 sleepcaps
  5 iguanas
  3 gnolls (D:4)
  7 adders
  2 shadow imps
  A white imp (D:6)
  A dart slug (D:3)
  3 ribbon worms (D:3)
  8 orcs
  7 ball pythons
  3 bats
  10 endoplasms
  A giant cockroach (D:1)
  9 goblins
  6 hobgoblins
  4 jackals (D:2)
  2 quokkas
  6 frilled lizards
  13 kobolds
  An orc skeleton (D:4)
  2 rats
127 creatures vanquished.

Notes
Turn   | Place    | Note
-------+----------+-------------------------------------------
     0 | D:5      | RancidPinata the Octopode Delver began the quest for the
                  | Orb.
     0 | D:5      | Reached XP level 1. HP: 16/16 MP: 1/1
     1 | D:5      | Noticed a hound
     5 | D:6      | Noticed a kobold brigand
    63 | D:5      | Noticed a hound
    70 | D:5      | Killed a hound
    71 | D:5      | Reached XP level 2. HP: 3/21 MP: 2/2
    71 | D:5      | Reached XP level 3. HP: 3/26 MP: 3/3
   212 | D:5      | Reached XP level 4. HP: 33/33 MP: 4/4
   309 | D:5      | Reached skill level 7 in Stealth
   524 | D:4      | Reached XP level 5. HP: 30/37 MP: 5/5
   582 | D:4      | Found a staircase to the Ecumenical Temple.
   589 | Temple   | Entered the Ecumenical Temple
   641 | Temple   | Became a worshipper of Ru the Awakened
   743 | D:4      | Reached XP level 6. HP: 33/44 MP: 6/6
   857 | D:4      | Reached skill level 5 in Fighting
  1033 | D:4      | Reached XP level 7. HP: 37/50 MP: 7/7
  1552 | D:3      | Found a snail-covered altar of Cheibriados.
  2604 | D:2      | Noticed Sigmund
  2684 | D:1      | Gained mutation: You cannot voluntarily change form. [Ru
                  | sacrifice]
  3968 | D:2      | Killed Sigmund
  3969 | D:2      | Reached skill level 5 in Dodging
  3969 | D:2      | Reached skill level 8 in Stealth
  4180 | D:5      | Reached XP level 8. HP: 57/57 MP: 8/8
  5024 | D:5      | Reached skill level 9 in Stealth
  5582 | D:6      | Gained mutation: You cannot study or cast Fire magic. [Ru
                  | sacrifice]
  5582 | D:6      | Gained mutation: You cannot study or cast Alchemy magic.
                  | [Ru sacrifice]
  5582 | D:6      | Gained mutation: You cannot study or cast Conjurations
                  | magic. [Ru sacrifice]
  5582 | D:6      | Reached * piety under Ru
  5591 | D:6      | Reached XP level 9. HP: 64/64 MP: 9/9
  5797 | D:6      | Reached skill level 5 in Short Blades
  5884 | D:6      | Identified the +7 long sword of Ambiguity {heavy, MP-9
                  | Int+10 Stlth-}
  6530 | D:7      | Noticed Prince Ribbit
  6659 | D:7      | HP: 1/65 [something (7)]
  6991 | D:7      | HP: 3/65 [wyvern (1)]
  6992 | D:7      | Mangled by a wyvern

Illustrated notes

Levels and vault maps discovered:
D:1:      dpeg_arrival_rhombi, layout_basic, corexii_leaking_fountain,
          kennysheep_pointless_box
D:2:      layout_loops_corners, roderic_roman_lattice,
          nicolae_concentric_dashed_squares_mild, uniq_sigmund
D:3:      layout_basic, slow_altar_2, solitary_fountain, amethyst_killhole
D:4:      layout_rooms, minmay_temple_entry_statues_fountains,
          nicolae_ossuary_entry_catacombs, grunt_ministairs_8, minmay_bisected
D:5:      minmay_diamond_boxcup, layout_basic, serial_park_tiny_pond,
          kennysheep_generic_room_3
D:6:      layout_loops_ring
D:7:      gammafunk_corrupted_shrine, layout_basic,
          minmay_misc_feat_more_columns, serial_bayou_pond_b,
          nicolae_houndstooth_variations, uniq_prince_ribbit1
Temple:   kilobyte_greek_temple

Skill      XL: |  1  2  3  4  5  6  7  8  9 |
---------------+----------------------------+-----
Dodging        | 3 4 5 6 7 |  7.4
Stealth        | 7 8 9 |  9.6
Fighting       | 4 5 7 |  7.7
Short Blades   | 3 4 5 |  5.2

Action                     |  1- 3 |  4- 6 |  7- 9 || total
---------------------------+-------+-------+-------++-------
  Melee: Short sword       |     8 |    94 |   186 ||   288
         Tentacles         |     2 |    30 |    62 ||    94
         Constrict         |     1 |    18 |    43 ||    62
         Punch             |       |     1 |     3 ||     4
         Dagger            |       |       |    65 ||    65
 Invoke: Sacrifice Forms   |       |       |     1 ||     1
         Sacrifice Arcana  |       |       |     1 ||     1
    Use: Scroll            |       |     2 |       ||     2
   Stab: Sleeping          |     1 |     6 |    47 ||    54
         Distracted        |       |       |     2 ||     2
 Armour: Skin              |     6 |    29 |   104 ||   139
  Dodge: Dodged            |     2 |    33 |   103 ||   138
